 Dungeon Crawl Stone Soup version 0.17-a0-1923-gc35365e (webtiles) character file.

58 Japsu the Digger (level 3, -3/31 HPs)
             Began as a Deep Dwarf Earth Elementalist on Sept 28, 2015.
             Killed from afar by Robin (5 damage)
             ... with a wand of flame
             ... on level 2 of the Dungeon.
             The game lasted 00:30:25 (2894 turns).

Japsu the Digger (Deep Dwarf Earth Elementalist)    Turns: 2894, Time: 00:30:25

Health: -3/31      AC:  6    Str: 12    XL:     3   Next: 76%
Magic:  0/6        EV: 16    Int: 15    God:
Gold:   72         SH:  0    Dex: 13    Spells: 2 memorised, 3 levels left

rFire  . . .     SeeInvis .     x - +2 dagger (holy)
rCold  . . .     Clarity  .     n - +1 leather armour
rNeg   . . .     SustAt   .     (no shield)
rPois  .         Gourm    .     (no helmet)
rElec  .         Spirit   .     (no cloak)
rCorr  .         Warding  .     (no gloves)
rMut   .         Stasis   .     (no boots)
MR     .....                    (no amulet)
Stlth  ++........               (no ring)
                                k - +4 ring of evasion

@: stone skin, very slightly contaminated, non-regenerating, not resistant to
hostile enchantments, unstealthy
A: damage resistance, recharge devices, sense surroundings 1, slow healing 3
a: Device Recharging


You were on level 2 of the Dungeon.
You were not hungry.

You visited 1 branch of the dungeon, and saw 2 of its levels.

You collected 72 gold pieces.

Inventory:

Hand weapons
 i - a +0 dagger
 p - a +3 dagger
 t - a +0 flail
 u - a +0 mace
 x - a +2 dagger of holy wrath (weapon)
Missiles
 a - 49 stones (quivered)
 w - 17 silver bolts
Armour
 b - a +0 robe
 n - a +1 leather armour (worn)
 r - a +0 ring mail
 s - a +0 scale mail
Jewellery
 k - a +4 ring of evasion (left hand)
Magical devices
 d - a wand of heal wounds (4)
Scrolls
 m - 2 scrolls of immolation
Potions
 e - a potion of might {unknown}
 g - a potion of heal wounds
 h - a potion of mutation {unknown}
 j - 2 potions of agility {unknown}
 l - a potion of invisibility {unknown}
 q - a potion of lignification {unknown}
Books
 c - a book of Geomancy

   Spells                             Type                      Level
   a - Sandblast                      Earth                        1
   b - Stoneskin                      Transmutation/Earth          2
   c - Passwall                       Transmutation/Earth          3
   d - Stone Arrow                    Conjuration/Earth            3
   e - Petrify                        Transmutation/Earth          4
   f - Lee's Rapid Deconstruction     Earth                        5
Comestibles
 f - 2 meat rations
 o - a bread ration
 v - 4 chunks of flesh


   Skills:
 * Level 1.5 Fighting
 + Level 0.4 Armour
 + Level 2.4 Dodging
 - Level 2.4 Stealth
 + Level 2.3 Spellcasting
 - Level 1.0 Transmutations
 + Level 4.6 Earth Magic


You had 3 spell levels left.
You knew the following spells:

 Your Spells              Type           Power        Failure   Level  Hunger
a - Sandblast             Erth           ###...       4%          1    #......
b - Stoneskin             Trmt/Erth      ##......     17%         2    ###....


Dungeon Overview and Level Annotations

Branches:
Dungeon (2/15)

Altars:

Annotations:
D:2 Robin


Innate Abilities, Weirdness & Mutations

You are resistant to damage.
You can recharge devices by infusing magical energy.
You passively map a small area around you.
You do not heal naturally.


Message History

Confirm with . or Enter, or press ? or * to list all spells.
Aiming: Sandblast
Press: ? - help, Shift-Dir - straight line, f/p - Robin
Aim: Robin, wielding a dagger, wearing an animal skin, wearing a helmet and carrying a wand of flame {zapped: 2} You miscast Sandblast.
You are very lightly contaminated with residual magic.
You are showered with tiny particles of grit.
Robin zaps a wand.
The puff of flame hits you!
* * * LOW HITPOINT WARNING * * *
A goblin comes into view. It is wielding a dagger of freezing.
Casting: Sandblast
Confirm with . or Enter, or press ? or * to list all spells.
Aiming: Sandblast
Press: ? - help, Shift-Dir - straight line, f/p - Robin
Aim: Robin, wielding a dagger, wearing an animal skin, wearing a helmet and carrying a wand of flame {zapped: 3} The blast of sand hits Robin.
The goblin shouts!
Robin zaps a wand.
The puff of flame misses you.
Robin zaps a wand.
The puff of flame hits you!
You die...

, *#.## ** , ...#### ###.######
* #.....# #........# #+ * #..
#.# #.#.####.# ... * #.. #.#
#.#..# #.# ...g* #.###.# #.##.#
#.# gg.s.**#.##..# #.##.###.#
g.....##.#...#########.#...##†#
......'.gggg..@.....).........'
..g...##.#)..###########...####
.....* #.##.## #..## # ....
#.#### #.## ...** #..* #.# #+**
##.# #.# .# #.# .# #.# .#
#.#####


You could see Robin, a hobgoblin (frenzied) and 2 goblins.

Vanquished Creatures
  2 adders (D:2)
  3 giant geckos
  A giant cockroach (D:2)
  10 goblins
  3 hobgoblins (D:1)
  4 kobolds
  6 bats
  4 giant newts
  5 rats (D:1)
38 creatures vanquished.

Notes
Turn   | Place    | Note
--------------------------------------------------------------
     0 | D:1      | Japsu the Deep Dwarf Earth Elementalist began the quest for the Orb.
     0 | D:1      | Reached XP level 1. HP: 15/15 MP: 3/3
   770 | D:1      | Reached XP level 2. HP: 12/24 MP: 0/4
   774 | D:1      | Learned a level 2 spell: Stoneskin
   877 | D:1      | Reached skill level 1 in Fighting
  2160 | D:2      | Reached skill level 1 in Transmutations
  2160 | D:2      | Reached XP level 3. HP: 24/31 MP: 0/6
  2818 | D:2      | Noticed Robin
  2894 | D:2      | Killed from afar by Robin

Vault maps used:
D:1:      ncdulo_watergridlock, kennysheep_small_spiral
D:2:      uniq_robin, uniq_crazy_yiuf_cottage

Action                   || total
-------------------------++-------
Melee: Dagger            ||    58
       Flail             ||    11
 Cast: Sandblast         ||    75
       Stoneskin         ||    10
Evoke: Wand              ||     1
  Use: Scroll            ||     6
 Stab: Sleeping          ||     1
  Eat: Chunk             ||     3
       Bread ration      ||     1
       Fruit             ||     1
